 Dungeon Crawl Stone Soup version 0.29.1-13-g9f3cf754e1 (webtiles) character file.

Game seed: 8418433762837709873

11 Descartes the Vexing (level 2, 0/15 HPs)
             Began as a Deep Elf Wanderer on Jan 22, 2023.
             Succumbed to a goblin's poison
             ... on level 1 of the Dungeon.
             The game lasted 00:02:10 (488 turns).

Descartes the Vexing (Deep Elf Wanderer)             Turns: 488, Time: 00:02:12

Health: 0/15       AC:  2    Str:  8    XL:     2   Next: 17%
Magic:  3/6        EV: 11    Int: 18    God:
Gold:   0          SH:  0    Dex: 13    Spells: 3/4 levels left

rFire   . . .      SeeInvis .   a - +0 dagger
rCold   . . .      Faith    .   (no shield)
rNeg    . . .      Spirit   .   d - +0 robe
rPois   .          Reflect  .   (no helmet)
rElec   .          Harm     .   (no cloak)
rCorr   .          Rampage  .   (no gloves)
Will    .....                   (no boots)
Stlth   +.........              (no amulet)
HPRegen 0.05/turn               (no ring)
MPRegen 0.10/turn               (no ring)

@: lethally poisoned (0 -> -10), very slow
A: no striking features
a: no special abilities


You were on level 1 of the Dungeon.
You visited 1 branch of the dungeon, and saw 1 of its levels.

Inventory:

Hand Weapons
 a - a +0 dagger (weapon)
Missiles
 b - 11 poisoned darts (quivered)
Armour
 d - a +0 robe (worn)
Scrolls
 c - a scroll of teleportation
 f - a scroll of identify {unknown}
Potions
 e - a potion of brilliance {unknown}


   Skills:
 + Level 0.4 Short Blades
 - Level 2.0 Throwing
 + Level 0.5 Dodging
 + Level 0.4 Stealth
 + Level 1.7 Spellcasting
 + Level 6.7 Hexes
 + Level 0.5 Transmutations
 + Level 1.2 Poison Magic
 + Level 1.2 Evocations


You had 3 spell levels left.
You knew the following spells:

 Your Spells              Type           Power      Damage    Failure   Level
a - Sting                 Tmut/Pois      16%        1d3       13%         1

Your spell library contained the following spells:

 Spells                   Type           Power      Damage    Failure   Level
 Slow                     Hex            100%       N/A       1%          1
 Confusing Touch          Hex            25%        N/A       3%          3
 Apportation              Tloc           2%         N/A       19%         1
 Spider Form              Tmut/Pois      4%         N/A       36%         3
 Cause Fear               Hex            12%        N/A       12%         4
 Alistair's Intoxication  Tmut/Pois      2%         N/A       98%         5


Dungeon Overview and Level Annotations

Branches:
Dungeon (1/15)

Altars:


Message History

The endoplasm is lightly wounded.
The endoplasm looks more healthy.
Casting: Sting (safe; 13% risk of failure)
Confirm with . or Enter, or press ? or * to list all spells.
Aiming: Sting (safe; 13% risk of failure)
Press: ? - help, Shift-Dir - straight line, f/p - endoplasm
Aim: an endoplasm (heavily wounded, 97% to hit)
The sting hits the endoplasm.
The endoplasm is poisoned.
The endoplasm is severely wounded.
The endoplasm attacks as you move away! The endoplasm barely misses you.
The endoplasm attacks as you move away! The endoplasm barely misses you.
The endoplasm attacks as you move away! The endoplasm barely misses you.
You kill the endoplasm!
Casting: Sting (safe; 13% risk of failure)
Confirm with . or Enter, or press ? or * to list all spells.
You can't see any susceptible monsters within range! (Use Z to cast anyway.) Unknown command.
The kobold throws a stone.
The stone closely misses you.
Casting: Sting (safe; 13% risk of failure)
Confirm with . or Enter, or press ? or * to list all spells.
Aiming: Sting (safe; 13% risk of failure)
Press: ? - help, Shift-Dir - straight line, f - goblin
Aim: a goblin, wielding a +1 dagger of venom (55% to hit)
The sting misses the goblin.
You enter the shallow water.
Moving in this stuff is going to be slow.
Casting: Sting (safe; 13% risk of failure)
Confirm with . or Enter, or press ? or * to list all spells.
Aiming: Sting (safe; 13% risk of failure)
Press: ? - help, Shift-Dir - straight line, f/p - goblin
Aim: a goblin, wielding a +1 dagger of venom (55% to hit)
The sting hits the goblin.
The goblin is poisoned.
The goblin is moderately wounded.
The goblin attacks as you move away!
The goblin hits you with a +1 dagger of venom.
* * * LOW HITPOINT WARNING * * *
You are lethally poisoned!
You enter the shallow water.
Moving in this stuff is going to be slow.
You die...

....#.#.#.####.K..##.).......
....#.#.#.........####.##....
......#..............(..... .
....###.#...K##########....
♣♣♣♣♣..♣♣ #..... ♣♣♣<~♣♣♣K♣♣
#.... ♣♣8♣♣~~~♣♣g♣♣ ....
♣♣~~~♣♣♣♣~♣♣.♣♣ ###
♣~♣♣♣~~~♣♣~♣♣@♣
♣~♣8♣♣♣~~♣♣~♣~♣
♣♣~♣~~~~♣♣~♣~♣~♣♣
♣8~♣~♣♣~8♣~♣~♣~8♣
♣♣~♣~♣8~♣♣~♣~♣~♣♣
♣~♣~♣♣~~~♣♣~♣~♣
♣~♣♣~~♣♣♣♣~♣♣~♣
♣♣~♣♣~~~~~♣♣~♣♣ ♣♣~♣♣♣♣♣♣♣~♣♣


You could see a goblin (poisoned) and 2 kobolds.

Vanquished Creatures
  A dart slug (D:1)
  A ball python (D:1)
  A bat (D:1)
  An endoplasm (D:1)
  A quokka (D:1)
  3 kobolds (D:1)
  A rat (D:1)
9 creatures vanquished.

Notes
Turn   | Place    | Note
-------+----------+-------------------------------------------
     0 | D:1      | Descartes the Deep Elf Wanderer began the quest for the
                  | Orb.
     0 | D:1      | Descartes set off with the following items: a +0 dagger, 11
                  | poisoned darts, a scroll of teleportation, a +0 robe; and
                  | the following spells available to memorise: Slow, Confusing
                  | Touch, Sting, Spider Form, Cause Fear.
     0 | D:1      | Reached XP level 1. HP: 10/10 MP: 5/5
     2 | D:1      | Learned a level 1 spell: Sting
   455 | D:1      | Reached XP level 2. HP: 5/15 MP: 3/6
   488 | D:1      | Succumbed to a goblin's poison

Illustrated notes

Levels and vault maps discovered:
D:1:      nagdon_arrival_double_spiral, layout_basic,
          shapermc_ecumenical_altar_flowoftime

Action                   || total
-------------------------++-------
Melee: Dagger            ||    18
 Cast: Sting             ||    11
Armor: Robe              ||     7
Dodge: Dodged            ||    21
